 Dungeon Crawl Stone Soup version 0.17-a0-1939-ga475588 (webtiles) character file.

28 derrpe the Magician (level 3, -5/21 HPs)
             Began as an Octopode Wizard on Sept 29, 2015.
             Slain by a worm (9 damage)
             ... on level 2 of the Dungeon.
             The game lasted 00:02:01 (1041 turns).

derrpe the Magician (Octopode Wizard)               Turns: 1041, Time: 00:02:01

Health: -5/21      AC:  1    Str:  6    XL:     3   Next: 12%
Magic:  0/7        EV: 12    Int: 21    God:
Gold:   37         SH:  0    Dex: 10    Spells: 1 memorised, 7 levels left

rFire  . . .     SeeInvis +     g - +0 dagger
rCold  . . .     Clarity  .     (no shield)
rNeg   . . .     SustAt   .     a - +0 hat
rPois  .         Gourm    .     (no amulet)
rElec  .         Spirit   .     l - ring of see invisible
rCorr  .         Warding  .     (no ring)
rMut   .         Stasis   .     (no ring)
MR     .....                    (no ring)
Stlth  +++.......               (no ring)
                                (no ring)
                                (no ring)
                                (no ring)

@: not resistant to hostile enchantments, fairly stealthy
A: almost no armour, amphibious, 8 rings, constrict 8, camouflage 1, gelatinous
body 1
a: no special abilities


You were on level 2 of the Dungeon.
You were not hungry.

You visited 1 branch of the dungeon, and saw 2 of its levels.

You collected 37 gold pieces.

Inventory:

Hand weapons
 g - a +0 dagger (weapon)
Missiles
 d - 46 stones (quivered)
Armour
 a - a +0 hat (worn)
Jewellery
 l - a ring of see invisible (left tentacle)
Scrolls
 h - 2 scrolls of enchant armour {unknown}
 i - 2 scrolls of identify {unknown}
 j - a scroll of blinking {unknown}
 k - a scroll of magic mapping {unknown}
 m - a scroll of amnesia {unknown}
Potions
 e - a potion of flight {unknown}
 f - a potion of heal wounds {unknown}
Books
 b - a book of Minor Magic

   Spells                             Type                      Level
   a - Magic Dart                     Conjuration                  1
   b - Blink                          Translocation                2
   c - Call Imp                       Summoning                    2
   d - Repel Missiles                 Charms/Air                   2
   e - Slow                           Hexes                        2
   f - Conjure Flame                  Conjuration/Fire             3
   g - Mephitic Cloud                 Conjuration/Poison/Air       3
Comestibles
 c - 2 bread rations {@e1}


   Skills:
 - Level 2.0 Dodging
 - Level 2.6 Stealth
 - Level 3.0 Spellcasting
 + Level 3.0 Conjurations
   Level 1.0 Summonings
   Level 1.0 Translocations


You had 7 spell levels left.
You knew the following spells:

 Your Spells              Type           Power        Failure   Level  Hunger
a - Magic Dart            Conj           ###.         4%          1    None


Dungeon Overview and Level Annotations

Branches:
Dungeon (2/15)

Altars:


Innate Abilities, Weirdness & Mutations

You cannot wear most types of armour.
You are amphibious.
You can wear up to eight rings at the same time.
You can use your tentacles to constrict eight enemies at once.
Your skin changes colour to match your surroundings (Stealth).
Your rubbery body absorbs attacks (AC +1).


Message History

You hit the worm. You grab the worm.
The worm is moderately wounded.
You constrict the worm. The worm bites you.
* * * LOW HITPOINT WARNING * * *
You hit the worm.
The worm is heavily wounded.
You constrict the worm, but do no damage.
You hit the worm but do no damage.
The worm is heavily wounded.
You constrict the worm. The worm bites you but does no damage.
You hit the worm. You squeeze the worm.
The worm is severely wounded.
You constrict the worm. You hit the worm.
The worm is severely wounded.
You constrict the worm. The worm closely misses you.
You hit the worm.
The worm is almost dead.
You constrict the worm. The worm bites you!
You die...

### ### #<#
###.########
#.#
#...w..w....
#.#
###.########
#.# #.# #
#@# #.# #
#w# #.# .
#)#######.#
#
#.........#
###########


You could see a worm.

Vanquished Creatures
  5 bats (D:1)
  3 hobgoblins (D:1)
  3 jackals (D:1)
  5 kobolds (D:1)
  2 ball pythons
  2 goblins
  5 rats (D:1)
25 creatures vanquished.

Notes
Turn   | Place    | Note
--------------------------------------------------------------
     0 | D:1      | derrpe the Octopode Wizard began the quest for the Orb.
     0 | D:1      | Reached XP level 1. HP: 11/11 MP: 4/4
   215 | D:1      | Reached XP level 2. HP: 12/17 MP: 1/6
   794 | D:1      | Reached XP level 3. HP: 21/21 MP: 3/7
  1041 | D:2      | Slain by a worm

Vault maps used:
D:1:      lightli_arrival_windingriver
D:2:      overflow_temple_1_default, old_standard_altar,
          makhleb_blood_cavern_becter

Action                   || total
-------------------------++-------
Melee: Unarmed           ||    10
       Dagger            ||     7
 Cast: Magic Dart        ||    61
 Stab: Sleeping          ||     1
